 Dungeon Crawl Stone Soup version 0.28-a0-1152-g9c71ebef14 (webtiles) character file.

Game seed: 1743148628106831031

5016 siradein the Chiller (level 10, -21/91 HPs)
             Began as a Naga Ice Elementalist on Dec 15, 2021.
             Was an Initiate of Yredelemnul.
             Demolished by a boulder beetle (22 damage)
             ... on level 9 of the Dungeon.
             The game lasted 01:00:06 (11009 turns).

siradein the Chiller (Naga Ice Elementalist)       Turns: 11009, Time: 01:00:06

Health: -21/91     AC: 14    Str: 11    XL:     10   Next: 55%
Magic:  1/19       EV: 10    Int: 20    God:    Yredelemnul [......]
Gold:   135        SH:  5    Dex: 11    Spells: 4/21 levels left

rFire   + . .      SeeInvis +   H - +1 spear
rCold   . . .      Faith    +   c - +0 buckler
rNeg    . . .      Spirit   .   r - +2 leather armour {rPois}
rPois   +          Reflect  .   m - +0 helmet
rElec   .          Harm     .   o - +0 cloak {rCorr}
rCorr   +          Rampage  .   (no gloves)
Will    +....                   (no barding)
Stlth   ++........              g - amulet of faith
HPRegen 0.25/turn               I - ring of protection from fire
MPRegen 0.16/turn               (no ring)

@: ice-armoured, short of breath, freezing walls, studying Shields, very slow
A: AC +3, large, see invisible, deformed body, poison resistance, slowness 2,
spit poison 1, naga tail 1
a: Spit Poison, Renounce Religion, Recall Undead Harvest


You were on level 9 of the Dungeon.
You worshipped Yredelemnul.
Yredelemnul was noncommittal.
You visited 2 branches of the dungeon, and saw 12 of its levels.
You also visited: Sewer.

You collected 307 gold pieces.
You spent 172 gold pieces at shops.

Inventory:

Hand Weapons
 A - a +0 dagger of protection
 H - a +1 spear (weapon)
Missiles
 t - a throwing net
Armour
 c - a +0 buckler (worn)
 m - a +0 helmet (worn)
 o - a +0 cloak of preservation (worn)
 r - a +2 leather armour of poison resistance (worn)
Jewellery
 g - an amulet of faith (around neck)
 p - an amulet of guardian spirit
 I - a ring of protection from fire (left hand)
Wands
 b - a wand of charming (9)
 l - a wand of digging (5)
 y - a wand of flame (45)
 G - a wand of iceblast (14)
Scrolls
 a - 3 scrolls of blinking {unknown}
 d - 5 scrolls of teleportation {unknown}
 f - a scroll of enchant armour {unknown}
 i - 2 scrolls of fog {unknown}
 j - a scroll of amnesia {unknown}
 n - a scroll of summoning {unknown}
 s - a scroll of silence {unknown}
 u - 2 scrolls of immolation {unknown}
 w - a scroll of fear {unknown}
 x - a scroll of torment {unknown}
 z - 3 scrolls of magic mapping {unknown}
 D - a scroll of acquirement {unknown}
 E - 6 scrolls of identify {unknown}
Potions
 e - 2 potions of heal wounds {unknown}
 h - 3 potions of haste
 k - 5 potions of curing {unknown}
 q - 4 potions of might {unknown}
 v - a potion of berserk rage {unknown}
 B - 2 potions of degeneration {unknown}
 C - a potion of lignification {unknown}
 F - a potion of attraction {unknown}
 J - a potion of mutation {unknown}


   Skills:
 + Level 6.0 Fighting
 + Level 5.4 Dodging
 - Level 3.0 Stealth
 + Level 6.8 Shields
 + Level 6.0 Spellcasting
 + Level 2.6 Conjurations
 + Level 7.5 Ice Magic
 + Level 1.1 Poison Magic
 + Level 3.8 Invocations
 + Level 3.4 Evocations


You had 4 spell levels left.
You knew the following spells:

 Your Spells              Type           Power      Damage    Failure   Level
a - Freeze                Ice            100%       1d11      1%          1
b - Frozen Ramparts       Ice            72%        1d9       1%          3
c - Ozocubu's Armour      Ice            36%        N/A       1%          3
d - Hailstorm             Conj/Ice       26%        3d7       17%         4
e - Olgreb's Toxic Radia  Pois           10%        N/A       65%         4
f - Poisonous Vapours     Pois/Air       16%        N/A       17%         2

Your spell library contained the following spells:

 Spells                   Type           Power      Damage    Failure   Level
 Searing Ray              Conj           32%        2d5       7%          2
 Sting                    Tmut/Pois      32%        1d4       11%         1
 Slow                     Hex            24%        N/A       14%         1
 Confusing Touch          Hex            6%         N/A       38%         3
 Portal Projectile        Hex/Tloc       12%        N/A       38%         3
 Blade Hands              Tmut           3%         N/A       98%         5
 Excruciating Wounds      Necr           3%         N/A       98%         5
 Yara's Violent Unravell  Hex/Tmut       3%         3d4       98%         5


Dungeon Overview and Level Annotations

Branches:
Dungeon (11/15)            Temple (1/1) D:5           Sewer (visited)
   Lair: D:8-11         Orc: D:9-12

Altars:
Dithmenos
Elyvilon
Hepliaklqana
Okawaru
Sif Muna
Trog
Yredelemnul

Shops:
D:2 [[([   D:4 :   D:8 (


Innate Abilities, Weirdness & Mutations

Your serpentine skin is tough. (AC +3)
You have supernaturally acute eyesight. (SInv)
Armour fits poorly on your strangely shaped body.
Your system is resistant to poisons. (rPois)
You cover ground very slowly.
You can spit poison.
You have a snake-like lower body.


Message History

The boulder beetle stops rolling and uncurls.
You hear a bellow! x3; You hear a loud, deep croak!
Casting: Ozocubu's Armour (safe; 1% risk of failure)
Confirm with . or Enter, or press ? or * to list all spells.
Casting: Frozen Ramparts (safe; 1% risk of failure)
Press: ? - help, Dir - look around, f - activate The walls around you are covered in ice.
Maggie hits the boulder beetle.
The wall freezes the boulder beetle.
The boulder beetle bites you but does no damage.
Unknown command.
Aiming: Spit Poison (1% risk of failure)
Press: ? - help, Shift-Dir - straight line, f - boulder beetle
Aim: a boulder beetle (lightly wounded, ally target)
The splash of poison hits the boulder beetle but does no damage.
The boulder beetle is lightly wounded.
Maggie hits the boulder beetle but does no damage.
The wall freezes the boulder beetle.
The boulder beetle bites you but does no damage.
A yak comes into view.
You are too injured to fight recklessly!
Casting: Frozen Ramparts (safe; 1% risk of failure)
Confirm with . or Enter, or press ? or * to list all spells.
Aiming: Freeze (safe; 1% risk of failure)
Press: ? - help, Shift-Dir - straight line, f/p - boulder beetle
Aim: a boulder beetle (lightly wounded, ally target)
You freeze the boulder beetle!
The boulder beetle is moderately wounded.
Maggie barely misses the boulder beetle.
The wall freezes the boulder beetle.
The boulder beetle bites you!
* * * LOW HITPOINT WARNING * * *
Casting: Freeze (safe; 1% risk of failure)
Confirm with . or Enter, or press ? or * to list all spells.
Aiming: Freeze (safe; 1% risk of failure)
Press: ? - help, Shift-Dir - straight line, f/p - boulder beetle
Aim: a boulder beetle (moderately wounded, ally target)
You freeze the boulder beetle!
The boulder beetle is heavily wounded.
The wall freezes the boulder beetle.
The boulder beetle bites you!!
You die...
Your body rises from the dead as a mindless zombie.

#... ###...###
#.......###
#.......#.. #....
..#.# .#...#.#.#
.#
##.#...#.#Z##...#
...Y....)@B..#
#.#.###.#.##...#
#.#.###.#... ....
#.......####...##
#.......# ..#
#.#.###.# .#
#.......# #
#.#..#..#
#.##.#..####


You could see a boulder beetle (ally target), a yak and the friendly Maggie the
human zombie.

Vanquished Creatures
  Maggie (D:9)
  A troll (D:11)
  A wyvern (D:8)
  Grum (D:8)
  An acid dragon (D:7)
  3 water moccasins
  Duvessa (D:6)
  An ice beast (D:6)
  3 sky beasts
  A necrophage (D:4)
  3 centaurs
  4 wolves (D:8)
  2 phantoms
  2 kobold brigands
  An ogre (D:5)
  4 bullfrogs
  A water moccasin zombie (D:5)
  2 scorpions
  3 wights
  3 howler monkeys (D:7)
  2 bullfrog zombies
  2 hounds
  A jelly (D:5)
  2 orc priests
  A centaur skeleton (D:3)
  2 iguanas (D:5)
  Natasha (thrice) (D:3)
  A gnoll shaman (D:3)
  2 orc wizards
  Robin (D:3)
  6 gnolls
  A howler monkey skeleton (D:4)
  6 adders
  A shadow imp (D:6)
  A white imp (D:6)
  2 ufetubi
  3 worms
  An adder zombie (D:5)
  A dart slug (D:5)
  8 orcs
  4 endoplasms
  10 giant cockroaches
  12 goblins
  6 hobgoblins
  5 jackals
  13 kobolds
  8 quokkas
  9 ball pythons
  4 bats
  5 frilled lizards
  7 rats
169 creatures vanquished.

Vanquished Creatures (collateral kills)
  3 ice beasts
  An ogre (D:6)
  A centaur (D:6)
  2 bullfrogs (D:7)
  Dowan (D:6)
  5 wights
  A bullfrog skeleton (D:6)
  An iguana (D:6)
  A howler monkey zombie (D:8)
  3 gnolls (D:6)
  An adder (D:6)
  An orc (D:6)
21 creatures vanquished.

Vanquished Creatures (others)
  2 spectral ice beasts (D:6)
  A wolf zombie (D:8)
  A bullfrog zombie (D:7)
  A centaur zombie (D:6)
  An orc wizard (D:8)
  2 sky beast zombies
  A howler monkey zombie (D:7)
  A spectral jelly (D:5)
  2 adder zombies
  An elf zombie (D:6)
  An iguana zombie (D:6)
  A spectral shadow imp (D:6)
  A spectral white imp (D:6)
  A gnoll zombie (D:6)
  A kobold zombie (D:8)
  5 orc zombies
  25 plants
48 creatures vanquished.

Grand Total: 238 creatures vanquished

Notes
Turn   | Place    | Note
-------+----------+-------------------------------------------
     0 | D:1      | siradein the Naga Ice Elementalist began the quest for the
                  | Orb.
     0 | D:1      | Reached XP level 1. HP: 15/15 MP: 3/3
     5 | D:1      | Found a faded altar of an unknown god.
   534 | D:1      | Reached XP level 2. HP: 10/24 MP: 3/5
  1453 | D:2      | Found Ykaul's Antique Armour Emporium.
  1551 | D:2      | Reached skill level 1 in Fighting
  1551 | D:2      | Reached XP level 3. HP: 30/31 MP: 3/6
  1655 | D:2      | Found Utida's Antique Armour Shop.
  2047 | D:2      | Found Bihol's Antique Armour Shop.
  2089 | D:2      | Found Houzozat's Weapon Emporium.
  2355 | D:3      | Noticed Natasha
  2429 | D:2      | Learned a level 3 spell: Frozen Ramparts
  2439 | D:3      | Killed Natasha
  2440 | D:3      | Reached skill level 1 in Shields
  2440 | D:3      | Reached XP level 4. HP: 30/38 MP: 0/7
  2536 | D:3      | Noticed Natasha
  2734 | D:3      | Killed Natasha
  2735 | D:3      | Reached XP level 5. HP: 37/45 MP: 3/9
  2797 | D:3      | Learned a level 3 spell: Ozocubu's Armour
  2918 | D:3      | Noticed Natasha
  2924 | D:3      | Killed Natasha
  2970 | D:3      | Noticed Robin
  2979 | D:3      | Killed Robin
  2980 | D:3      | Reached XP level 6. HP: 51/52 MP: 1/10
  3241 | D:3      | Found a white marble altar of Elyvilon.
  3267 | D:3      | Found a shadowy altar of Dithmenos.
  3384 | D:3      | Learned a level 4 spell: Hailstorm
  3806 | D:4      | Found a glowing drain.
  3810 | Sewer    | Entered a sewer
  4138 | Sewer    | Reached skill level 5 in Ice Magic
  4946 | D:4      | Reached XP level 7. HP: 53/61 MP: 1/12
  5505 | D:2      | Bought a runed cloak for 172 gold pieces
  5585 | D:5      | Entered Level 5 of the Dungeon
  5669 | D:4      | Found Zenuliw's Book Boutique.
  6117 | D:5      | Reached XP level 8. HP: 64/69 MP: 8/14
  6416 | D:5      | Found a staircase to the Ecumenical Temple.
  6425 | Temple   | Entered the Ecumenical Temple
  6443 | Temple   | Became a worshipper of Yredelemnul the Dark
  6574 | D:5      | Reached * piety under Yredelemnul
  6579 | D:5      | Reached skill level 6 in Ice Magic
  6765 | D:5      | Reached ** piety under Yredelemnul
  7683 | D:6      | Reached skill level 5 in Shields
  7683 | D:6      | Reached XP level 9. HP: 68/79 MP: 16/16
  7806 | D:6      | Noticed Dowan
  7807 | D:6      | Found a shimmering blue altar of Sif Muna.
  7818 | D:6      | Killed Dowan
  7819 | D:6      | Reached *** piety under Yredelemnul
  7820 | D:6      | Noticed Duvessa
  7830 | D:6      | Killed Duvessa
  7831 | D:6      | Reached skill level 5 in Spellcasting
  7878 | D:6      | Got Sif Muna's Guide on Confrontation
  7886 | D:6      | Found a bloodstained altar of Trog.
  7899 | D:6      | Reached skill level 1 in Invocations
  7972 | D:6      | Reached skill level 1 in Evocations
  8751 | D:6      | Reached skill level 5 in Fighting
  8760 | D:6      | Your ally Dowan died
  9428 | D:7      | Reached skill level 1 in Conjurations
  9450 | D:7      | Reached skill level 5 in Dodging
  9450 | D:7      | Reached skill level 7 in Ice Magic
  9473 | D:7      | Reached XP level 10. HP: 88/88 MP: 2/18
  9977 | D:8      | Noticed Grum
  9993 | D:8      | Killed Grum
 10272 | D:8      | Found Ungog's Antique Weapon Emporium.
 10791 | D:8      | Learned a level 4 spell: Olgreb's Toxic Radiance
 10794 | D:8      | Learned a level 2 spell: Poisonous Vapours
 10826 | D:9      | You fall into a shaft and drop 2 floors!
 10846 | D:11     | Noticed a six-headed hydra
 10858 | D:10     | Entered Level 10 of the Dungeon
 10991 | D:9      | Noticed Maggie
 11000 | D:9      | Killed Maggie
 11001 | D:9      | Reached skill level 1 in Poison Magic
 11002 | D:9      | Noticed a boulder beetle
 11008 | D:9      | HP: 1/91 [boulder beetle (17)]
 11009 | D:9      | Demolished by a boulder beetle

Illustrated notes

Levels and vault maps discovered:
D:1:      lemuel_arrival_behind_the_door_small, layout_loops_corners,
          basic_ecumenical_altar
D:2:      layout_basic, serial_shops, shop, shop, shop, shop
D:3:      layout_rooms, mainiacjoe_overflow_swirl, minivault_24,
          nicolae_grassy_gnolls, uniq_natasha, uniq_robin
D:4:      layout_basic, gup_sewer_entry_spiral, serial_shops,
          nicolae_shop_crystal, dk_noncrumbling_3, minmay_manual_moon
D:5:      layout_loops_ring, minmay_temple_entry_sparse_star,
          lexackson_kobold_supper
D:6:      layout_basic, nzn_overflow_gifts_of_might_and_magic
D:7:      layout_rooms
D:8:      layout_rooms, serial_shops, nicolae_shop_window_shopping, uniq_grum
D:9:      layout_loops_cross, grunt_gozag_statues, lair_entry_dummy,
          minmay_crystal_room, minmay_circle_x, uniq_maggie, uniq_erolcha
D:10:     layout_rooms, lemuel_coloured_pillars_altar, hangedman_decor_opposing,
          uniq_urug
D:11:     minmay_chambers_of_sixes, layout_cave_pools, orc_0_dummy,
          chequers_serial_rivers_large_b
Temple:   regret_index_temple_sphere_string

Skill      XL: |  1  2  3  4  5  6  7  8  9 10 |
---------------+-------------------------------+-----
Fighting       | 1 2 3 4 5 6 |  6.0
Dodging        | 2 3 4 5 |  5.4
Shields        | 1 2 3 5 6 |  6.8
Spellcasting   | 3 4 5 6 |  6.0
Ice Magic      | 5 6 7 |  7.5
Invocations    | 2 3 |  3.8
Evocations     | 2 3 |  3.4
Conjurations   | 1 2 |  2.6
Poison Magic   | 1 |  1.1
Stealth        | |  3.0

Action                   |  1- 3 |  4- 6 |  7- 9 | 10-12 || total
-------------------------+-------+-------+-------+-------++-------
Melee: Mace              |    28 |   119 |   153 |       ||   300
       Dagger            |       |       |    75 |    33 ||   108
       Spear             |       |       |       |    17 ||    17
Throw: Throwing net      |       |       |     1 |       ||     1
 Cast: Freeze            |    32 |    46 |    70 |    11 ||   159
       Frozen Ramparts   |     1 |     5 |    18 |    10 ||    34
       Ozocubu's Armour  |       |     1 |    21 |     6 ||    28
 Abil: Spit Poison       |     1 |       |    15 |     1 ||    17
Evoke: Wand              |       |       |     6 |       ||     6
 Stab: Sleeping          |     5 |     7 |     1 |     1 ||    14
       Distracted        |       |       |     1 |     1 ||     2
Armor: Robe              |    13 |    22 |       |       ||    35
       Leather armour    |       |    46 |   168 |    29 ||   243
       Animal skin       |       |     4 |       |       ||     4
Dodge: Dodged            |    34 |    83 |   171 |    32 ||   320
Block: Buckler           |     3 |    34 |    82 |    28 ||   147

Table legend: (Time is in decaauts)
 A = Elapsed time spent in this place.
 B = Non-inter-level travel time spent in this place.
 C = Inter-level travel time spent in this place.
 D = Time resting spent in this place.
 E = Time spent auto-exploring this place.
 F = Levels seen in this place.
 G = Mean time per level.
                   A        B        C        D        E       F      G
               +--------+--------+--------+--------+--------+-----+--------+
         Total |  13487 |  13065 |    422 |   1152 |   9534 |  13 | 1037.5 |
       Dungeon |  12049 |  11627 |    422 |    711 |   8906 |  11 | 1095.4 |
        Temple |     40 |     40 |      0 |      0 |      9 |   1 |   40.0 |
         Sewer |   1397 |   1397 |      0 |    441 |    619 |   1 | 1397.0 |
               +--------+--------+--------+--------+--------+-----+--------+

Top non-repeatable levels by time:
     D:6: 2497 daAuts
     D:5: 1625 daAuts
     D:1: 1612 daAuts
     D:2: 1543 daAuts
     D:3: 1531 daAuts
   Sewer: 1397 daAuts
     D:8: 1176 daAuts
     D:4: 1148 daAuts
     D:7: 707 daAuts
    D:10: 121 daAuts
     D:9: 44 daAuts
    D:11: 41 daAuts
  Temple: 40 daAuts
